 Dungeon Crawl Stone Soup version 0.30-a0-737-gf23d94013f (webtiles) character file.

Game seed: 8646671496768784030

1567 avis the Slasher (level 8, -1/61 (66) HPs)
             Began as a Demigod Warper on Feb 1, 2023.
             Slain by a steam dragon (9 damage)
             ... on level 5 of the Dungeon on Feb 2, 2023.
             The game lasted 00:38:28 (6186 turns).

avis the Slasher (Demigod Warper)                   Turns: 6186, Time: 00:38:29

HP:   -1/61 (66)    AC:  4    Str: 12    XL:     8   Next: 33%
MP:   11/14         EV: 14    Int: 15    God:
Gold: 13            SH:  0    Dex: 21    Spells: 2/11 levels left

rFire   . . .      SeeInvis .    a - +0 falchion
rCold   + . .      Faith    .    (no shield)
rNeg    . . .      Spirit   .    f - +0 leather armour
rPois   .          Reflect  .    r - +0 helmet
rElec   .          Harm     .    k - scarf {+Inv}
rCorr   .          Rampage  .    (no gloves)
Will    .....                    (no boots)
Stlth   ++                       (no amulet)
HPRegen 0.30/turn                x - ring of protection from cold
MPRegen 0.14/turn                y - ring of wizardry

@: drained
A: high MP 1, forlorn, divine attributes
a: Evoke Invisibility


You were on level 5 of the Dungeon.
You visited 1 branch of the dungeon, and saw 7 of its levels.

You collected 292 gold pieces.
You spent 279 gold pieces at shops.

Inventory:

Hand Weapons
 a - a +0 falchion (weapon)
 b - the +1 sling of Laskuyl {drain, Dex+5}
   (You found it on level 2 of the Dungeon)

   Dex:       It affects your dexterity (+5).
 g - a +2 rapier of distortion
 o - a +1 dagger of venom
 q - a +0 sling
 C - a +3 flail
 D - a +1 short sword of flaming
 H - a +0 short sword of freezing
 O - a +5 morningstar
Missiles
 d - 7 boomerangs of dispersal (quivered)
 u - 11 poisoned darts
 G - 5 boomerangs
Armour
 f - a +0 leather armour (worn)
 i - a +1 ring mail of fire resistance
 k - a scarf of invisibility (worn)
 r - a +0 helmet (worn)
Magical Staves
 N - a staff of fire
Jewellery
 x - a ring of protection from cold (left hand)
 y - a ring of wizardry (right hand)
 M - a ring of fire
Wands
 m - a wand of flame (24)
Scrolls
 c - 4 scrolls of blinking
 e - a scroll of butterflies {unknown}
 h - a scroll of identify
 l - a scroll of enchant armour {unknown}
 n - 3 scrolls of immolation {unknown}
 v - 2 scrolls of teleportation {unknown}
 E - 2 scrolls of amnesia {unknown}
 F - 2 scrolls of noise
 I - a scroll of enchant weapon {unknown}
 J - a scroll of vulnerability
 K - a scroll of fog
 L - a scroll of poison
Potions
 s - 2 potions of ambrosia
 t - 8 potions of attraction
 z - 3 potions of lignification
 A - a potion of degeneration
 B - 2 potions of flight


   Skills:
 - Level 4.0 Fighting
 - Level 6.0 Long Blades
 - Level 4.0 Ranged Weapons
 - Level 1.0 Throwing
 - Level 1.0 Armour
 * Level 4.2 Dodging
 - Level 2.0 Spellcasting
 - Level 5.0 Translocations


You had 2 spell levels left.
You knew the following spells:

 Your Spells              Type           Power      Damage    Failure   Level
b - Blink                 Tloc           32%        N/A       2%          2
e - Vhi's Electric Charg  Tloc/Air       18%        N/A       12%         3
m - Manifold Assault      Tloc           16%        N/A       14%         4

Your spell library contained the following spells:

 Spells                   Type           Power      Damage    Failure   Level
 Lesser Beckoning         Tloc           32%        N/A       2%          2
 Sublimation of Blood     Necr           1%         N/A       16%         2
 Teleport Other           Tloc           16%        N/A       4%          3
 Petrify                  Tmut/Erth      1%         N/A       69%         4
 Irradiate                Conj/Tmut      0%         3d11      95%         5


Dungeon Overview and Level Annotations

Branches:
Dungeon (7/15)             Temple (0/1) D:6

Shops:
D:2 =   D:3 (   D:4 !(   D:5 ?


Innate Abilities, Weirdness & Mutations

You have an increased reservoir of magic. (+10% MP)
You shall have no god before yourself.
Your divine heritage dramatically boosts your attributes as you level up.


Message History

The steam dragon is lightly wounded.
The steam dragon bites you! The steam dragon barely misses you.
You hit the steam dragon.
The steam dragon is moderately wounded.
The steam dragon closely misses you. The steam dragon barely misses you.
You slash the steam dragon!
The steam dragon is severely wounded.
The steam dragon breathes steam at you. The ball of steam misses you.
The steam dragon misses you.
The steam dragon claws you but does no damage.
You hit the steam dragon.
The steam dragon is severely wounded.
The steam dragon barely misses you. x2
The steam dragon barely misses you. The steam dragon claws you.
You hit the steam dragon.
The steam dragon is almost dead.
The steam dragon bites you. The steam dragon claws you.
You hit the steam dragon.
The steam dragon is almost dead.
The steam dragon misses you. The steam dragon closely misses you.
You hit the steam dragon but do no damage.
The steam dragon is almost dead.
The steam dragon breathes steam at you. The ball of steam hits you!
* * * LOW HITPOINT WARNING * * *
The steam dragon bites you.
* * * LOW HITPOINT WARNING * * *
The steam dragon claws you.
* * * LOW HITPOINT WARNING * * *
You feel better. The steam dragon bites you!
* * * LOW HITPOINT WARNING * * *
The steam dragon closely misses you.
You feel better. The steam dragon bites you.
* * * LOW HITPOINT WARNING * * *
The steam dragon misses you.
You hit the steam dragon but do no damage.
The steam dragon is almost dead.
The steam dragon bites you!
You die...

.# #............####....##### .#
#....................#.... .#
#....................#.... .#
#....................#....
.#######....................#....
.#..........................#...>
##..........................'....
#..........................#....
#..............@§.§.§§.....#....
#..............D.§..§§§....#....
##.............§§§..§.......#....
...#####....................#....
...# #....................#..##
...# #....................#####
...# #........................#
...# #........................#
...# #####################....#


You could see a steam dragon (catching breath).

Vanquished Creatures
  Grinder (D:3)
  2 black bears (D:5)
  2 ogres (D:5)
  2 phantoms (D:5)
  A necrophage (D:5)
  4 scorpions
  2 wights
  2 howler monkeys
  2 jellies
  3 hounds
  Ijyb (D:3)
  2 iguanas
  Robin (D:3)
  3 adders
  2 worms
  A dart slug (D:4)
  11 orcs
  9 endoplasms
  4 giant cockroaches
  5 goblins
  12 hobgoblins
  4 jackals (D:1)
  3 quokkas
  4 ball pythons
  6 bats
  3 frilled lizards
  5 kobolds
  3 rats
100 creatures vanquished.

Vanquished Creatures (others)
  A wight (D:6)
1 creature vanquished.

Grand Total: 101 creatures vanquished

Notes
Turn   | Place    | Note
-------+----------+-------------------------------------------
     0 | D:1      | avis the Demigod Warper began the quest for the Orb.
     0 | D:1      | Reached XP level 1. HP: 17/17 MP: 5/5
   229 | D:1      | Reached skill level 2 in Long Blades
   347 | D:1      | Reached skill level 1 in Ranged Weapons
   358 | D:1      | Reached XP level 2. HP: 24/24 MP: 7/7
   962 | D:2      | Reached skill level 1 in Armour
  1313 | D:2      | Identified the +1 sling of Laskuyl {drain, Dex+5}
  1567 | D:2      | Found Tucogoin's Jewellery Shoppe.
  1572 | D:2      | Reached XP level 3. HP: 29/29 MP: 8/8
  1702 | D:3      | Noticed Grinder
  1705 | D:3      | Reached skill level 1 in Throwing
  1843 | D:3      | Paralysed by Grinder for 2 turns
  1850 | D:3      | HP: 1/30 [Grinder (6)]
  1851 | D:3      | Paralysed by Grinder for 2 turns
  1871 | D:3      | Killed Grinder
  1872 | D:3      | Reached skill level 4 in Long Blades
  1872 | D:3      | Reached XP level 4. HP: 23/38 MP: 9/9
  1872 | D:3      | Reached XP level 5. HP: 27/45 MP: 10/10
  2012 | D:3      | Found Iceuprar's Weapon Boutique.
  2090 | D:3      | Noticed Ijyb
  2099 | D:3      | Killed Ijyb
  2142 | D:3      | Noticed Robin
  2150 | D:3      | Killed Robin
  2336 | D:3      | Reached XP level 6. HP: 51/51 MP: 11/11
  3125 | D:4      | You fall into a shaft and drop 3 floors!
  3191 | D:6      | Learned a level 2 spell: Blink
  3195 | D:6      | Learned a level 3 spell: Vhi's Electric Charge
  3202 | D:6      | Noticed a steam dragon
  3313 | D:5      | Entered Level 5 of the Dungeon
  3328 | D:4      | Found Iwerayl's Distillery.
  3368 | D:4      | Bought a potion of attraction for 36 gold pieces
  3368 | D:4      | Bought a potion of degeneration for 12 gold pieces
  3368 | D:4      | Bought a potion of flight for 36 gold pieces
  3368 | D:4      | Bought 2 potions of heal wounds for 120 gold pieces
  3508 | D:4      | Found Bonlor's Antique Weapon Shoppe.
  3909 | D:4      | Bought a potion of lignification for 36 gold pieces
  4088 | D:5      | Reached XP level 7. HP: 23/57 MP: 10/13
  4324 | D:5      | Learned a level 4 spell: Manifold Assault
  4689 | D:5      | Reached skill level 5 in Translocations
  5058 | D:5      | Found Xoro's Magic Scroll Emporium.
  5084 | D:5      | Bought a scroll of noise for 13 gold pieces
  5084 | D:5      | Bought a scroll of identify for 26 gold pieces
  5131 | D:5      | Reached XP level 8. HP: 43/66 MP: 10/14
  5498 | D:6      | Found a staircase to the Ecumenical Temple.
  5585 | D:5      | HP: 2/59 [wight/+5 morningstar (15)]
  5791 | D:6      | Reached skill level 5 in Long Blades
  6127 | D:5      | Reached skill level 6 in Long Blades
  6183 | D:5      | HP: 3/61 [steam dragon (1)]
  6186 | D:5      | Slain by a steam dragon

Illustrated notes

Levels and vault maps discovered:
D:1:      dpeg_arrival_fog, layout_loops_cross
D:2:      layout_loops_corners, basic_altar, serial_shops, shop
D:3:      layout_basic, serial_shops, nicolae_shop_stone, nicolae_goblin_pals,
          uniq_grinder, uniq_robin
D:4:      layout_rooms, gammafunk_temple_overflow_claw, serial_shops,
          nicolae_shop_window_shopping, shop
D:5:      layout_gridville, serial_shops, shop, uniq_ijyb
D:6:      layout_loops_ring, nicolae_hepliaklqana_monster_ancestors,
          temple_pool_b, serial_shops, nicolae_shop_bloodbath_and_beyond,
          minmay_mini_ossuary, uniq_pikel
D:7:      layout_loops_ring, enter_bailey_8, minmay_unpleasant_kobolds

Skill      XL: |  1  2  3  4  5  6  7  8 |
---------------+-------------------------+-----
Fighting       | 2 3 4 |  4.0
Long Blades    | 2 4 6 |  6.0
Ranged Weapons | 1 2 4 |  4.0
Armour         | 1 |  1.0
Dodging        | 2 3 4 |  4.2
Spellcasting   | 2 |  2.0
Translocations | 3 5 |  5.0
Throwing       | 1 |  1.0

Action                     |  1- 3 |  4- 6 |  7- 9 || total
---------------------------+-------+-------+-------++-------
  Melee: Falchion          |    60 |    30 |   112 ||   202
         Sling             |       |     1 |       ||     1
         Punch             |       |       |     4 ||     4
   Fire: Sling             |    72 |   102 |    33 ||   207
   Cast: Vhi's Electric Ch |       |     3 |     8 ||    11
         Blink             |       |     1 |     5 ||     6
  Evoke: Wand              |       |       |     2 ||     2
    Use: Potion            |     3 |     1 |     6 ||    10
         Scroll            |       |       |     5 ||     5
 Armour: Leather armour    |    22 |    20 |    15 ||    57
         Skin              |     6 |       |       ||     6
  Dodge: Dodged            |    49 |    36 |   100 ||   185

Table legend: (Time is in decaauts)
 A = Elapsed time spent in this place.
 B = Non-inter-level travel time spent in this place.
 C = Inter-level travel time spent in this place.
 D = Time resting spent in this place.
 E = Time spent auto-exploring this place.
 F = Levels seen in this place.
 G = Mean time per level.
                   A        B        C        D        E       F      G
               +--------+--------+--------+--------+--------+-----+--------+
         Total |   6202 |   5482 |    720 |   1399 |   2715 |   7 |  886.0 |
       Dungeon |   6202 |   5482 |    720 |   1399 |   2715 |   7 |  886.0 |
               +--------+--------+--------+--------+--------+-----+--------+

Top non-repeatable levels by time:
     D:5: 2161 daAuts
     D:3: 1331 daAuts
     D:2: 895 daAuts
     D:1: 883 daAuts
     D:4: 674 daAuts
     D:6: 209 daAuts
     D:7: 47 daAuts
